 Dungeon Sprint DCSS version 0.22-a0-614-g34fbaa0 (webtiles) character file.

635 Dancorps13 the Protected (level 7, 0/72 HPs)
             Began as a Minotaur Fighter on July 14, 2018.
             Was an Initiate of Trog.
             Shot with an arrow by a centaur warrior (20 damage)
             ... in the Dungeon (Sprint I: "Red Sonja").
             The game lasted 00:03:39 (1044 turns).

Dancorps13 the Protected (Minotaur Fighter)         Turns: 1044, Time: 00:03:40

Health: 0/72       AC: 11    Str: 23    XL:     7   Next: 25%
Magic:  6/6        EV:  7    Int:  5    God:    Trog [......]
Gold:   405        SH: 12    Dex:  9    Spells: 6/6 levels left

rFire    . . .     SeeInvis .   a - +0 long sword
rCold    . . .     Gourm    .   c - +0 shield
rNeg     . . .     Faith    .   l - +0 chain mail
rPois    .         Spirit   .   (helmet restricted)
rElec    .         Reflect  .   (no cloak)
rCorr    .         Harm     .   (no gloves)
MR       .....     NoTele   +   (no boots)
Stlth    ..........             (no amulet)
HPRegen  0.22/turn              (no ring)
MPRegen  0.10/turn              (no ring)

@: no status effects
A: retaliatory headbutt, horns 2
a: Renounce Religion


You were in the Dungeon.
You worshipped Trog.
Trog was noncommittal.
You were not hungry.

You visited 1 branch You collected 405 gold pieces.

Inventory:

Hand Weapons
 a - a +0 long sword (weapon)
Armour
 b - a +0 scale mail
 c - a +0 shield (worn)
 l - a +0 chain mail (worn)
Scrolls
 k - a scroll of blinking
Potions
 d - a potion of might
 e - a potion of curing
 g - a potion of heal wounds
 h - a potion of haste
 i - 2 potions of magic
 j - a potion of berserk rage
Comestibles
 f - a ration


   Skills:
 + Level 10.1 Fighting
 + Level 9.7 Long Blades
 + Level 10.1 Armour
 + Level 10.1 Shields


You had 6 spell levels left.
You didn't know any spells.
Your spell library was empty.

Dungeon Overview and Level Annotations

Branches:
Dungeon (1/1)

Altars:
Cheibriados
Dithmenos
Elyvilon
Fedhas
Gozag
Hepliaklqana
Kikubaaqudgha
Makhleb
Nemelex Xobeh
Okawaru
Qazlal
Ru
Sif Muna
Trog
Uskayaw
Vehumet
Wu Jian
Xom
Yredelemnul
Zin
The Shining One
Jiyva
Lugonu

Shops:
D (


Innate Abilities, Weirdness & Mutations

You reflexively headbutt those who attack you in melee.
You have a pair of horns on your head.


Message History

You block the arrow.
The centaur warrior moves out of view.
There is an open door here.
You see here an arrow.
You see here 11 arrows.
The centaur warrior shoots an arrow.
The arrow hits you!!
You see here 12 arrows.
The centaur warrior shoots an arrow.
You block the arrow.
There is an open door here.
The centaur warrior shoots an arrow.
The arrow hits you!
You see here an arrow.
There is an open door here.
A centaur warrior is nearby!
The centaur warrior shoots an arrow.
The arrow hits you!
You see here an arrow.
The centaur warrior shoots an arrow.
The arrow hits you!
* * * LOW HITPOINT WARNING * * *
There is an open door, spattered with blood here.
You see here an arrow.
The centaur warrior shoots an arrow.
The arrow hits you!!
You die...

######################
#<.#..').#.)'.c#__#..+
#..'[.#.@((.#(.'..'..#
#..#####'#####'#__####
#..####..#...#c####§§#
#..#__####..##(#≈≈§§c#
#..#_____##'#_.c§§§§§
#⌠⌠#_.∩...'..._#§§§§§
####_..__##_.#+##+###
#_____###+# #######


You could see a centaur warrior.

Vanquished Creatures
  A slime creature (D)
  Sigmund (D)
  A yak (D)
  An ogre (D)
  A jelly (D)
  Ijyb (D)
6 creatures vanquished.

Vanquished Creatures (others)
  A gargoyle (D)
1 creature vanquished.

Grand Total: 7 creatures vanquished

Notes
Turn   | Place    | Note
-------+----------+-------------------------------------------
     0 | D        | Dancorps13 the Minotaur Fighter began the quest for the Orb.
     0 | D        | Reached XP level 1. HP: 19/19 MP: 0/0
   101 | D        | Noticed Ijyb
   109 | D        | Killed Ijyb
   109 | D        | Reached skill level 5 in Fighting
   109 | D        | Reached skill level 5 in Armour
   109 | D        | Reached skill level 5 in Shields
   109 | D        | Reached XP level 2. HP: 25/29 MP: 1/1
   151 | D        | Noticed an ogre
   154 | D        | Killed an ogre
   154 | D        | Reached skill level 5 in Long Blades
   154 | D        | Reached XP level 3. HP: 25/38 MP: 2/2
   154 | D        | Reached XP level 4. HP: 30/45 MP: 3/3
   260 | D        | Noticed Sigmund
   275 | D        | Killed Sigmund
   275 | D        | Reached XP level 5. HP: 21/55 MP: 4/4
   275 | D        | Reached XP level 6. HP: 24/62 MP: 5/5
   488 | D        | Found a deep blue altar of Sif Muna.
   489 | D        | Found an ornate altar of the Wu Jian Council.
   490 | D        | Found a radiant altar of Vehumet.
   511 | D        | Found Gumefieb's Weapon Emporium.
   511 | D        | Found an ancient bone altar of Kikubaaqudgha.
   511 | D        | Found a hazy altar of Hepliaklqana.
   511 | D        | Found a hide-covered altar of Uskayaw.
   511 | D        | Found a basalt altar of Yredelemnul.
   511 | D        | Found an opulent altar of Gozag.
   511 | D        | Found a snail-covered altar of Cheibriados.
   511 | D        | Found a sacrificial altar of Ru.
   511 | D        | Found a shadowy altar of Dithmenos.
   511 | D        | Noticed a yak
   525 | D        | Killed a yak
   671 | D        | Killed a gargoyle
   812 | D        | Found a stormy altar of Qazlal.
   812 | D        | Found a blossoming altar of Fedhas.
   812 | D        | Found a bloodstained altar of Trog.
   812 | D        | Found an iron altar of Okawaru.
   812 | D        | Found a glowing golden altar of the Shining One.
   812 | D        | Found a glowing silver altar of Zin.
   812 | D        | Found a white marble altar of Elyvilon.
   813 | D        | Found a sparkling altar of Nemelex Xobeh.
   823 | D        | Became a worshipper of Trog the Wrathful
   846 | D        | Found a viscous altar of Jiyva.
   846 | D        | Found a corrupted altar of Lugonu.
   846 | D        | Noticed a slime creature
   847 | D        | Found a burning altar of Makhleb.
   847 | D        | Found a shimmering altar of Xom.
   856 | D        | Killed a slime creature
   856 | D        | Reached skill level 10 in Fighting
   856 | D        | Reached skill level 10 in Armour
   856 | D        | Reached skill level 10 in Shields
   856 | D        | Reached XP level 7. HP: 38/72 MP: 6/6
  1032 | D        | Noticed a centaur warrior
  1032 | D        | Noticed a centaur warrior
  1044 | D        | Shot with an arrow by a centaur warrior

Vault maps used:
D:        dungeon_sprint_1

Skill      XL: |  1  2  3  4  5  6 |
---------------+-------------------+-----
Fighting       | 5 6 8 10 | 10.1
Long Blades    | 4 5 7 9 |  9.7
Armour         | 5 6 8 10 | 10.1
Shields        | 5 6 8 10 | 10.1

Action                   |  1- 3 |  4- 6 |  7- 9 || total
-------------------------+-------+-------+-------++-------
Melee: Long sword        |    10 |    37 |       ||    47
       Headbutt          |     2 |     7 |       ||     9
Armor: Scale mail        |     5 |     5 |       ||    10
       Chain mail        |       |     1 |       ||     1
Dodge: Dodged            |     4 |     9 |       ||    13
Block: Shield            |     1 |    12 |     2 ||    15
       Rpst.: Long sword |       |     1 |       ||     1

Table legend:
 A = Spawn XP
 B = Non-spawn XP
 C = Spawn XP percentage of total XP
 D = Spawn monster count
 E = Non-spawn monster count
 F = Spawn count percentage of total count
 G = Total turns spent on level
                    A         B        C        D         E        F      G
               +---------+---------+-------+---------+---------+-------+---------
         Total |       0 |     908 |   0.0 |       0 |       6 |   0.0 |  1044
               +---------+---------+-------+---------+---------+-------+---------
             D |       0 |     908 |   0.0 |       0 |       6 |   0.0 |  1044
               +---------+---------+-------+---------+---------+-------+---------
